Semilg, lawful female dwarven Priestess --- ---- -------- --- |.| |.. ......| ---- --.-- |.| |.. ....| |..| |...---------- |.| +..- ...| |..| --............|---|.| |..| -----..| |..| +---+-- |...---------.--.-|.-----..| |((.|..--+---@- ........- |.--- |.....|........| |(!.-.......'.....- |.| ---............| |((.|......--+-...| |.| |....|.----...| -+------..{...| ..+ |.| |.--.|.| +...| |.............| ..| |.| -. |...| |...| --+-.....---+-- --- |.| . ---.----...--+-- |..-+-- |.| . |...|........| |..| |.| |...|..#.....----..| --.| --...|-....{........| |.<| |....--..|....#.....-------- | |..| -- -- --........|-.....................| ---- |....................|--....................| --..................-- ---------------- -- --- -- --.---.--..-- -- ------- Semilg the Acolyte Experience level: 3 Strength: 14 Dexterity: 11 Constitution: 13 Intelligence: 17 Wisdom: 13 Charisma: 8 Health: 0(28) Energy: 24(24) Def: 3 Gold: 73 Moves: 1763 Dungeon seed: fM0TRCiYLjJERnls Game ID: Semilg_1564512996 Your Inventory: Coins $ - 73 gold pieces Weapons a - a blessed +1 mace (weapon in hand) Armor e - an uncursed +0 robe (being worn) n - an uncursed +0 small shield (being worn) q - an uncursed +0 studded leather armor Comestibles d - an uncursed sprig of wolfsbane Scrolls o - an uncursed scroll of water Spellbooks g - an uncursed spellbook of protection h - an uncursed spellbook of light i - an uncursed spellbook of healing Potions b - 4 potions of holy water Wands f - an uncursed wand of cancellation (0:1) Tools l - an uncursed leash Gems r - 6 uncursed rocks Spells and supernatural/magical abilities: Name Level Category Fail Memory h - healing 1 healing 0% 92% l - light 1 divination 0% 92% p - protection 1 clerical 0% 92% W - pray for help -- divine ? -- X - turn undead -- divine ? -- Your skills at the end: Miscellaneous Skills shield [Basic] wands [Basic] Weapon Skills pick-axe [Basic] mace [Basic] Spellcasting Skills clerical spells [Basic] Final Attributes: You were fervently aligned. You had infravision. You were stealthy. You are dead. Vanquished creatures: a fog cloud an elf zombie an iguana a coyote an acid blob a gecko a yellow mold a gnome 4 jackals a fox 4 newts 2 goblins 2 grid bugs a bat 4 lichens 2 kobold zombies 28 creatures vanquished. Voluntary challenges: You were vegetarian. You did not adorn yourself with jewelry or accessories. You did not cause conflict. You were not invisible. You did not have reflection. You were not displaced. You were an atheist. You used a wielded weapon 33 times, starting on turn 266. You did not use tools. You did not use plumbed fixtures. You did not drink any magical draughts. You were illiterate. You never genocided any monsters. You never polymorphed an object. You never changed form. You used no wishes. You never split a pudding. You never wrote Elbereth's name. You never violated your personal moral code. Dungeon overview: The Dungeons of Doom: levels 1 to 3 Level 1 an altar to Mars, a fountain a long staircase Level 2 a fountain stairs to The Gnomish Mines Level 3 The Gnomish Mines: levels 3 to 6 Level 3 stairs to The Dungeons of Doom Level 4 Level 5 Level 6 <- You were here a hardware shop, some fountains, some trees History has recorded: On T:1 you entered the Dungeons of Doom to retrieve the Amulet of Yendor! On T:279 you reached level 2 of The Dungeons of Doom. On T:710 you reached level 3 of The Dungeons of Doom. On T:811 you reached level 1 of The Gnomish Mines. On T:1169 you advanced to experience level 2. On T:1210 you reached level 3 of The Gnomish Mines. On T:1292 you advanced to experience level 3. On T:1389 you reached level 2 of The Gnomish Mines. On T:1573 you reached level 4 of The Gnomish Mines. Score breakdown: Gold: 73 ( 7 points) Experience: 3 levels ( 200 points) Exploration: 6 levels ( 150 points) Discoveries: 2 items ( 100 points) Variety of kills: 16 monsters ( 800 points) Major goal: (nothing yet) ( 0 points) Survival: died (score multiplied by 3) Total score: 3771 Latest messages: The paper golem claws you! You see here an uncursed stethoscope (100 zorkmids). The paper golem claws you! You are beginning to feel hungry. The paper golem claws you! You hit the paper golem. The paper golem claws you! (2x) You see here an uncursed stethoscope (100 zorkmids). The paper golem claws you! You see here an uncursed credit card (13 zorkmids). You see here an uncursed whistle (13 zorkmids). The paper golem claws you! You see here an uncursed sack (110 zorkmids). You see here an uncursed lock pick (27 zorkmids). The paper golem claws you! The paper golem just misses! The paper golem claws you! (2x) You hit the paper golem. The paper golem claws you! (2x) The door opens. The paper golem claws you! (2x) You die... Final status: Goodbye Semilg the Priestess, killed by a paper golem... You died in The Gnomish Mines on dungeon level 6 with 3771 points, and 73 pieces of gold, after 1763 moves. You were level 3 with a maximum of 28 hit points when you died.